 Dungeon Crawl Stone Soup version 0.27.1 (webtiles) character file.

Game seed: 13164736295877946593

803501 oldnick the Conqueror (level 27, 0/211 (215) HPs)
             Began as a Djinni Hedge Wizard on Aug 21, 2021.
             Was the Champion of Makhleb.
             Slain by a deep elf annihilator zombie (3 damage)
             ... on level 14 of a ziggurat on Aug 29, 2021.
             The game lasted 12:38:35 (82309 turns).

oldnick the Conqueror (Djinni Hedge Wizard)        Turns: 82309, Time: 12:38:35

HP:   0/211 (215)   AC: 11    Str:  7    XL:     27
Gold: 7427          EV: 19    Int: 40    God:    Makhleb [******] SH: 16 Dex: 12

rFire    . . .     SeeInvis +   F - staff of conjuration
rCold    . . .     Faith    .   H - +4 kite shield of the Distant Future {Fly rC+}
rNeg     + . .     Spirit   .   S - +2 robe {Will+}
rPois    ∞         Reflect  .   I - +0 helmet of the Desert {+Blink Int+4 Dex+3}
rElec    +         Harm     .   R - +0 cloak of Calculation {rPois rF- Will+ Regen+}
rCorr    +         Rampage  .   e - +1 pair of gloves of Surprise {rElec rF- rN+ Int+4}
Will     ++++.                  (boots unavailable)
Stlth    ++........             X - amulet of regeneration
HPRegen  2.45/turn              Q - ring of Aron Wio {Wiz rCorr Int+4 Dex-5}
MPRegen  0.00/turn              A - ring of see invisible

@: on vortex cooldown, flying, slowed, studying 4 skills, lightly drained, very
slow
A: sickness immunity, fire resistance 2, cold vulnerability 1, float, innate
caster, hp casting, extra vitality 1, mutation resistance 1, sense surroundings
1, screaming 1, weak 1
}: 4/15 runes: barnacled, slimy, silver, gossamer
a: Renounce Religion, Evoke Blink, Minor Destruction, Lesser Servant of Makhleb,
Major Destruction, Greater Servant of Makhleb


You were on level 14 of a ziggurat.
You worshipped Makhleb.
Makhleb was exalted by your worship.
You visited 15 branches of the dungeon, and saw 61 of its levels.
You visited 1 ziggurat, and saw 14 of its levels.
You also visited: Trove.

You collected 11772 gold pieces.
You spent 4345 gold pieces at shops.

Inventory:

Missiles
 t - 10 throwing nets
Armour
 e - the +1 pair of gloves of Surprise (worn) {rElec rF- rN+ Int+4}
   (You found it on level 4 of the Shoals)

   Int:       It affects your intelligence (+4).
   rF:        It makes you vulnerable to fire.
   rElec:     It insulates you from electricity.
   rN:        It protects you from negative energy.
 C - the +4 faerie dragon scales {rCorr HP+3 Int+5}
   (You took it off the Enchantress on level 2 of the Depths)

   Int:       It affects your intelligence (+5).
   HP:        It affects your health (+3).
   rCorr:     It protects you from acid and corrosion.
 H - the +4 kite shield of the Distant Future (worn) {Fly rC+}
   (You found it on level 4 of the Realm of Zot)

   rC:        It protects you from cold.
   Fly:       It grants you flight.
 I - the +0 helmet of the Desert (worn) {+Blink Int+4 Dex+3}
   (You bought it in a shop on level 2 of the Vaults)

   Int:       It affects your intelligence (+4).
   Dex:       It affects your dexterity (+3).
   +Blink:    It lets you blink.
 R - the +0 cloak of Calculation (worn) {rPois rF- Will+ Regen+}
   (You bought it in a shop on level 2 of the Orcish Mines)

   rF:        It makes you vulnerable to fire.
   rPois:     It protects you from poison.
   Regen:     It increases your rate of health regeneration.
   Will:      It increases your willpower.
 S - a +2 robe of willpower (worn)
Magical Staves
 F - a staff of conjuration (weapon)
Jewellery
 c - a ring of protection from fire
 f - a ring of protection from cold
 h - the ring of the Slicing Ancients {Will+ rCorr Str-5 Int+7}
   (You acquired it on level 1 of the Realm of Zot)

   [ring of willpower]

   Str:       It affects your strength (-5).
   Int:       It affects your intelligence (+7).
   rCorr:     It protects you from acid and corrosion.
   Will:      It increases your willpower.
 l - the ring "Veytih" {rC+ rN+}
   (You found it on level 3 of the Crypt)

   [ring of positive energy]

   rC:        It protects you from cold.
   rN:        It protects you from negative energy.
 q - a +4 ring of evasion
 A - a ring of see invisible (right hand)
 M - the amulet "Zafeuros" {Reflect rElec rF+ Will+ Str-5 SH+5}
   (You acquired it on level 3 of the Elven Halls)

   [amulet of reflection]

   It reflects blocked missile attacks.
   Str:       It affects your strength (-5).
   rF:        It protects you from fire.
   rElec:     It insulates you from electricity.
   SH:        It affects your SH (+5).
   Will:      It increases your willpower.
 O - a +4 ring of protection
 Q - the ring of Aron Wio (left hand) {Wiz rCorr Int+4 Dex-5}
   (You took it off a deep elf sorcerer on level 3 of the Elven Halls)

   [ring of wizardry]

   It improves your spell success rate.
   Int:       It affects your intelligence (+4).
   Dex:       It affects your dexterity (-5).
   rCorr:     It protects you from acid and corrosion.
 X - an amulet of regeneration (around neck)
Wands
 n - a wand of digging (11)
 p - a wand of iceblast (43)
 v - a wand of charming (32)
 D - a wand of acid (26)
 E - a wand of mindburst (40)
 J - a wand of paralysis (27)
 V - a wand of polymorph (5)
 Z - a wand of flame (38)
Scrolls
 d - 5 scrolls of summoning
 i - 10 scrolls of enchant armour
 j - 6 scrolls of fear
 o - 8 scrolls of immolation
 s - 7 scrolls of enchant weapon
 u - 4 scrolls of holy word
 x - 3 scrolls of silence
 y - 45 scrolls of identify
 G - 13 scrolls of magic mapping
 N - 23 scrolls of teleportation
 T - 14 scrolls of fog
 U - 6 scrolls of blinking
 W - a scroll of brand weapon
Potions
 a - 5 potions of heal wounds
 b - a potion of berserk rage
 k - 8 potions of haste
 m - 9 potions of cancellation
 r - 15 potions of mutation
 w - 8 potions of brilliance
 z - 37 potions of curing
 B - 2 potions of invisibility
 K - 8 potions of might
 P - 4 potions of resistance
Miscellaneous
 g - a phantom mirror
 L - a lightning rod (4/4)


   Skills:
 O Level 27 Fighting
 - Level 7.0(8.3) Short Blades
 - Level 6.9(8.3) Long Blades
 - Level 14.0(14.1) Polearms
 - Level 3.1(10.6) Staves
 - Level 3.0 Throwing
 - Level 13.2 Armour
 + Level 17.2 Dodging
 - Level 2.0 Stealth
 - Level 15.0 Shields
 O Level 27 Spellcasting
 + Level 12.7 Invocations
 - Level 18.2 Evocations


You couldn't memorise any spells.
You knew the following spells:

 Your Spells              Type           Power      Damage    Failure   Level
a - Magic Dart            Conj           100%       1d8       0%          1
b - Blink                 Tloc           N/A        N/A       0%          2
c - Call Imp              Summ           100%       N/A       0%          2
d - Slow                  Hex            100%       N/A       0%          2
e - Conjure Flame         Conj/Fire      100%       6-21      0%          3
f - Mephitic Cloud        Conj/Pois/Air  100%       N/A       0%          3
g - Apportation           Tloc           100%       N/A       0%          1
h - Searing Ray           Conj           100%       3d7       0%          2
i - Frozen Ramparts       Ice            100%       1d12      0%          3
j - Spider Form           Tmut/Pois      66%        N/A       0%          3
k - Borgnjor's Vile Clut  Necr/Erth      66%        N/A       0%          5
l - Fireball              Conj/Fire      79%        3d29      0%          5
m - Death Channel         Necr           66%        N/A       0%          6
n - Spellforged Servitor  Conj/Summ      79%        N/A       0%          7
o - Haunt                 Necr/Summ      66%        N/A       0%          7
p - Maxwell's Capacitive  Air            66%        ∞         1%          8
q - Borgnjor's Revivific  Necr           66%        N/A       1%          8
r - Polar Vortex          Ice            66%        N/A       1%          9
s - Death's Door          Necr           66%        N/A       1%          9
Your spell library was empty.

Dungeon Overview and Level Annotations

Branches:
Dungeon (15/15)            Temple (1/1) D:7            Lair (6/6) D:9
 Shoals (4/4) Lair:4       Spider (4/4) Lair:2        Slime (5/5) Lair:5
    Orc (2/2) D:10            Elf (3/3) Orc:2        Vaults (5/5) D:14
  Crypt (3/3) Vaults:3       Tomb (1/3) Crypt:3      Depths (5/5) D:15
   Hell (visited)             Dis (1/7) Hell            Geh (0/7) Hell
    Coc (0/7) Hell            Tar (0/7) Hell            Zot (5/5) Depths:5

Altars:
Ashenzari
Cheibriados
Dithmenos
Elyvilon
Fedhas
Gozag
Hepliaklqana
Kikubaaqudgha
Makhleb
Nemelex Xobeh
Okawaru
Qazlal
Ru
Sif Muna
Trog
Uskayaw
Vehumet
Wu Jian
Xom
Yredelemnul
Zin
The Shining One
Beogh
Jiyva
Lugonu

Shops:
D:15 [   Orc:2 :![(   Elf:1 *   Elf:2 ??=:?   Elf:3 [   Shoals:4 (
Vaults:1 =!=[   Vaults:2 [   Vaults:3 (   Depths:4 !*(=

Portals:
Hell: Depths:1 Depths:2 Depths:3 Depths:4 Depths:5
Abyss: D:3 Lair:6 Shoals:4 Depths:1 Depths:4 Depths:5
Pandemonium: Depths:1 Depths:2 Depths:3

Annotations:
Zot:3 2 transporters, lasso's ghost, legendary MiFi


Innate Abilities, Weirdness & Mutations

You are immune to sickness and miasma.
You are immune to poison.
Your flesh is very heat resistant. (rF++)
You are vulnerable to cold. (rC-)
You float through the air rather than walking.
You learn spells naturally, not from books.
Your magical power is your life essence.
You have superior vitality. (+4 HP)
You are somewhat resistant to further mutation.
You passively map a small area around you.
You occasionally shout uncontrollably at your foes.
You are weak. (Str -2)


Message History

Pain shoots through your body!
* * * LOW HITPOINT WARNING * * *
You feel extremely nervous for a moment...
You are engulfed in negative energy!
You partially resist.
You feel drained.
You feel extremely nervous for a moment...
Your body is wracked with pain!
* * * LOW HITPOINT WARNING * * *
You feel extremely nervous for a moment...
You are engulfed in negative energy!
You partially resist.
You feel drained.
You feel extremely nervous for a moment...
Your body is wracked with pain!
* * * LOW HITPOINT WARNING * * *
The mummy priest mumbles some strange prayers to its god against you.
Something smites you!
* * * LOW HITPOINT WARNING * * *
Unknown command.
Found six items.
You destroy the mummy priest!
Makhleb accepts your kill.
You feel better.
You destroy the mummy!
Makhleb accepts your kill.
You feel better.
You destroy the mummy!
Makhleb accepts your kill.
You feel better.
You feel extremely nervous for a moment...
Pain shoots through your body!
* * * LOW HITPOINT WARNING * * *
The winds around you start to calm down.
The royal mummy calls on the powers of darkness!
The emperor scorpion convulses! x3; Your body is wracked with pain!
* * * LOW HITPOINT WARNING * * *
The mummy priest mumbles some strange prayers to its god.
You block the fire giant skeleton's attack.
The emperor scorpion stings you but does no damage.
The emperor scorpion misses you. The emperor scorpion claws you.
* * * LOW HITPOINT WARNING * * *
The deep elf annihilator zombie hits you.
You die...

▓▓...........▓▓ ▓▓
...............* ▓..
.§§§§§§§§§......▓▓ ..§§
#§§§§§§§§.#.....▓▓
..§§###§§§§§§§###.....▓
..§§§#§s§§§§§§.#......▓▓
).§§§§§§M§§§§§.........▓
!|§§§§§ss§§§§§.........▓
!?§4§§§@Z§§§§§.........▓
)$§§§§§§ZZ§§§§.......∩..
/?§§§§§§§8§§§§.........▓
!=§§§§§M§§§§§§.........▓
..§§§§§§§§§§§§.........▓
..§§§#§§§§§§§..#......▓▓
....###.......###.....▓
* .... *.........
.....▓▓ ..............▓▓


You could see a royal mummy, 3 emperor scorpions, a mummy priest, an orange
demon (summoned), an ushabti, a deep elf annihilator zombie, a fire giant
skeleton and a deep elf elementalist skeleton.

Vanquished Creatures
  the Royal Jelly (Slime:5)
  3 orbs of fire (Zot:5)
  3 dread liches
  2 ancient liches
  Mara (Depths:2)
  4 royal mummies
  6 Killer Klowns
  Frederick (Crypt:1)
  A curse toe (Crypt:2)
  Geryon (Hell)
  Saint Roka (Depths:4)
  12 golden dragons
  2 caustic shrikes
  The ghost of Dacon the Minotaur Blade, an adept MiGl of Gozag (Vaults:2)
  The ghost of Marixus the Executioner, an adept HOFi of Beogh (Vaults:2)
  Nikola (Spider:2)
  The ghost of Camaan the Warrior, an adept DgCj (Depths:1)
  A bone dragon (Depths:5)
  the Enchantress (Depths:2)
  2 iron giants
  4 electric golems
  6 hellephants
  A Brimstone Fiend (Zig:11)
  13 tentacled monstrosities
  Rupert (Lair:6)
  Asterion (Depths:2)
  2 Ice Fiends
  16 Orb Guardians (Zot:5)
  9 titans
  10 liches
  4 quicksilver dragons
  The ghost of Ejegg the Impaler, an adept DjGl of Yredelemnul (D:15)
  2 deep elf master archers (Elf:3)
  28 acid blobs
  5 ancient champions (Crypt:3)
  2 Executioners (Zig:11)
  Polyphemus (Shoals:2)
  8 death cobs
  Agnes (D:15)
  11 sphinxes
  9 tengu reavers
  11 shadow dragons
  10 storm dragons
  5 azure jellies
  An azure jelly (shapeshifter) (Zot:4)
  3 draconian monks
  A pandemonium lord (Zig:11)
  5 revenants
  A nagaraja (Zig:12)
  12 rockslimes
  10 frost giants
  Roxanne (Shoals:2)
  4 draconian knights
  6 draconian scorchers
  13 fire giants
  7 draconian shifters
  2 orc warlords
  7 deep elf sorcerers (Elf:3)
  Aizul (Depths:2)
  11 ghost moths
  6 iron dragons
  2 blood saints (Zig:11)
  7 curse skulls
  14 vault wardens
  3 spectral caustic shrikes
  3 balrugs (Zig:11)
  4 emperor scorpions
  2 cacodemons
  8 draconian annihilators
  14 ironbound preservers
  A reaper (Hell)
  4 draconian stormcallers
  7 spriggan defenders
  21 stone giants
  8 ghouls
  3 war gargoyles
  A caustic shrike skeleton (Depths:2)
  29 very ugly things
  7 quicksilver oozes
  6 bennus
  6 green draconians
  A corrupter (Zig:11)
  5 deep elf demonologists
  12 vampire knights
  9 dire elephants
  8 yellow draconians
  12 black draconians
  A lorocyproca (Depths:1)
  6 entropy weavers
  3 purple draconians
  16 white draconians
  9 spark wasps
  7 red draconians
  Snorg (D:11)
  3 merfolk javelineers
  12 deep elf annihilators
  A crystal guardian (Vaults:3)
  10 deep elf death magi
  19 ettins
  4 merfolk impalers
  A green death (Zig:11)
  14 fire dragons
  7 eidola
  15 mummy priests
  12 jiangshi
  Josephine (Lair:4)
  12 yaktaur captains
  3 deep elf high priests
  Fannar (Lair:2)
  12 great orbs of eyes
  3 blizzard demons (Hell)
  5 salamander tyrants (Zig:12)
  8 ironbound thunderhulks
  3 naga warriors (Zig:12)
  A peacekeeper (Vaults:2)
  7 boulder beetles
  15 ice dragons
  5 rakshasas
  5 ironbound frosthearts
  5 ogre magi
  5 spriggan air magi
  2 hell beasts (Hell)
  12 hydras
  A boulder beetle (shapeshifter) (Vaults:1)
  29 vault guards
  The ghost of Qalu the Bolt Thrower, a journeyman GrAM of Hepliaklqana (Spider:4)
  3 catoblepae
  An alligator snapping turtle (Shoals:4)
  3 anacondas (Zig:12)
  2 satyrs
  15 two-headed ogres
  2 merfolk avatars
  5 centaur warriors
  12 deep troll shamans
  30 dancing weapons
  3 death knights
  A titan zombie (Crypt:1)
  5 merfolk aquamancers
  3 death yaks
  13 vampire magi
  23 death scarabs
  A two-headed ogre (shapeshifter) (Vaults:5)
  16 deep troll earth magi
  9 tengu warriors
  11 deep elf knights
  7 spriggan berserkers
  12 hell hogs
  6 ironbound beastmasters
  7 soul eaters
  3 thrashing horrors (Lair:6)
  2 shock serpents (Zig:12)
  11 hell knights
  5 orc high priests
  Urug (D:11)
  2 shadow wraiths
  12 sea snakes
  20 iron trolls
  A fire crab (shapeshifter) (D:14)
  8 sun demons
  A spark wasp zombie (Zig:14)
  A gelid demonspawn (Depths:3)
  4 flayed ghosts
  58 deep trolls
  17 skeletal warriors
  4 anaconda zombies
  A shadow demon (Depths:3)
  A golden dragon zombie (Zig:13)
  A swamp dragon (Zot:1)
  24 deep elf zephyrmancers
  9 wizards
  8 necromancers
  Pikel (D:8)
  2 sphinx zombies
  3 bog bodies (Crypt:3)
  A spectral wolf spider (Spider:4)
  7 glowing orange brains
  2 anaconda skeletons
  A shadow dragon zombie (Crypt:2)
  A kraken simulacrum (Shoals:4)
  9 phantasmal warriors
  9 ironbound convokers
  6 lindwurms
  10 harpies
  2 spriggan druids
  A fire giant zombie (Depths:2)
  2 orc sorcerers
  A wolf spider (shapeshifter) (Zot:4)
  2 wolf spider zombies (Spider:4)
  An iron dragon zombie (Zig:13)
  10 deep elf archers
  5 orc knights
  A mana viper (Zig:12)
  2 orb spiders (shapeshifter)
  16 orb spiders
  20 wolf spiders
  22 deep elf pyromancers
  6 shining eyes
  6 fauns (Shoals:2)
  A salamander (Depths:2)
  14 manticores
  36 elephants
  22 moths of wrath
  136 slime creatures
  A shining eye (shapeshifter) (Depths:4)
  48 ugly things
  A faun (shapeshifter) (Zot:4)
  An iron dragon skeleton (Crypt:3)
  3 stone giant skeletons
  An apocalypse crab (Zot:4)
  3 centaur zombies
  2 dire elephant zombies
  Maurice (D:8)
  An elephant (shapeshifter) (D:14)
  A frost giant skeleton (Crypt:3)
  7 cyclopes
  Joseph (D:9)
  An eye of devastation (Slime:4)
  A toenail golem (D:3)
  A shock serpent zombie (Crypt:2)
  9 merfolk sirens
  A guardian serpent (Zig:12)
  3 naga magi (Zig:12)
  10 rust devils
  9 vault sentinels
  13 black mambas
  A black mamba (shapeshifter) (Zot:4)
  A fire giant skeleton (Zig:14)
  2 orange demons (Depths:1)
  4 water nymphs
  A spriggan zombie (Zig:5)
  7 smoke demons
  Maggie (D:10)
  2 unseen horrors (Depths:4)
  A gargoyle (D:11)
  3 molten gargoyles (Hell)
  3 hellions
  13 cane toads
  A white draconian zombie (Crypt:3)
  A spriggan skeleton (Zig:14)
  3 torpor snails
  An elephant slug zombie (Crypt:2)
  6 rime drakes
  A sea snake zombie (Hell)
  2 spectral redbacks (Spider:4)
  7 demonic crawlers
  3 redback zombies (Spider:4)
  12 komodo dragons
  45 yaktaurs
  An ice devil (Zig:5)
  A tormentor (Depths:1)
  2 efreet
  8 freezing wraiths
  3 hydra zombies
  35 merfolk
  4 tengu conjurers
  A yellow draconian skeleton (Crypt:2)
  3 meliai (D:15)
  A hellwing (Depths:3)
  3 trolls
  44 jumping spiders
  2 sea snake skeletons (Hell)
  A queen bee (shapeshifter) (Vaults:5)
  2 white draconian skeletons
  2 ancient zymes (Lair:6)
  A red devil (Hell)
  33 guardian mummies
  A polar bear (Lair:3)
  3 spectral jumping spiders (Spider:4)
  6 wind drakes
  4 spectral tarantellas (Spider:4)
  2 tarantella zombies (Spider:4)
  A hydra skeleton (Hell)
  9 snapping turtles
  2 fire dragon zombies
  13 dream sheep
  A harpy skeleton (Crypt:1)
  15 hornets
  40 blink frogs
  A dream sheep (shapeshifter) (Depths:4)
  A fire giant simulacrum (Crypt:1)
  An ice dragon zombie (Tomb:1)
  21 flying skulls
  A black mamba zombie (Crypt:2)
  A fire dragon skeleton (Crypt:2)
  A shadow (D:12)
  An ettin skeleton (Depths:2)
  77 redbacks
  33 tarantellas
  A vampire (D:9)
  46 yaks
  27 water elementals
  2 ynoxinuls (Lair:6)
  2 fire elementals
  7 humans (D:14)
  11 spriggans
  A hog (shapeshifter) (D:14)
  9 ushabtiu
  16 wraiths
  A tyrant leech zombie (Crypt:2)
  5 wyverns
  3 fire bats (Depths:2)
  20 golden eyes
  4 steam dragons
  6 basilisks
  4 chaos spawn
  3 vampire mosquitoes (D:11)
  A neqoxec (Depths:3)
  An elf skeleton (Zig:13)
  A redback simulacrum (D:14)
  Menkaure (D:7)
  A naga (Zig:12)
  2 wargs (Orc:2)
  4 acid dragons
  A monstrous demonspawn zombie (Crypt:1)
  2 torturous demonspawn skeletons
  26 water moccasins
  2 floating eyes (Depths:2)
  11 large abominations
  2 tengu skeletons
  2 hornet zombies (Spider:4)
  4 hell hounds (Hell)
  36 orc warriors
  A spectral hornet (Spider:4)
  A manticore zombie (Tomb:1)
  11 small abominations
  A sky beast (D:6)
  An ice beast (D:4)
  6 necrophages
  10 ogres
  6 wolves
  7 centaurs
  The ghost of VolelikeOfTheReadme the Magician, an amateur DjFE (D:3)
  6 kobold brigands
  4 lemures (D:7)
  A phantom (D:5)
  Blork the orc (D:5)
  9 bullfrogs
  A gnoll sergeant (D:8)
  A water moccasin zombie (D:5)
  2 earth elementals (Elf:1)
  A scorpion (D:6)
  A wyvern skeleton (Crypt:2)
  7 killer bees
  A warg skeleton (Crypt:3)
  3 wights
  2 electric eels
  6 howler monkeys
  30 orc priests
  A bullfrog skeleton (D:6)
  A gnoll shaman (D:7)
  4 hounds
  A human zombie (Crypt:2)
  8 jellies
  2 centaur skeletons
  An iron imp (D:3)
  Natasha (thrice) (D:2)
  A demonspawn skeleton (Crypt:2)
  4 iguanas (D:5)
  32 orc wizards
  A killer bee zombie (Crypt:3)
  An ogre skeleton (Crypt:2)
  A hound skeleton (D:4)
  55 mummies
  A howler monkey skeleton (D:7)
  A howler monkey zombie (D:9)
  9 gnolls
  A river rat (Lair:1)
  8 adders
  A shadow imp (D:7)
  2 white imps
  A worm (D:4)
  4 dart slugs
  134 orcs
  5 bats
  7 endoplasms
  3 giant cockroaches
  2 hobgoblins
  3 jackals (D:3)
  6 quokkas
  7 ball pythons
  4 frilled lizards
  9 goblins
  A goblin zombie (Crypt:1)
  A hobgoblin zombie (Crypt:3)
  19 kobolds
  A kobold skeleton (Crypt:3)
  A kobold zombie (Crypt:2)
  4 rats
  A bush (Lair:5)
  A lurking horror (Shoals:4)
2875 creatures vanquished.

Vanquished Creatures (collateral kills)
  Mennas (Depths:4)
  2 tentacled monstrosities (Vaults:4)
  A deep elf blademaster (Elf:3)
  A titan (Vaults:5)
  The ghost of Himmaryad the Brawler, an adept TrMo of Nemelex Xobeh (Depths:1)
  A shadow dragon (Vaults:4)
  A rockslime (Slime:1)
  A fire giant (Depths:4)
  An iron dragon (Depths:1)
  An orc warlord (Vaults:3)
  An emperor scorpion (Spider:3)
  A deep elf elementalist (Elf:3)
  2 very ugly things (Vaults:4)
  2 stone giants
  4 ironbound preservers
  A deep elf demonologist (Elf:1)
  A spark wasp (Spider:4)
  A dire elephant (Vaults:3)
  A crystal guardian (Vaults:2)
  A merfolk impaler (Depths:5)
  2 deep elf high priests
  An ironbound thunderhulk (Vaults:4)
  2 yaktaur captains
  An ice dragon (Depths:1)
  2 peacekeepers
  3 rakshasas (Depths:2)
  2 ironbound frosthearts (Vaults:1)
  A boulder beetle (Vaults:3)
  3 merfolk avatars
  2 merfolk aquamancers (Shoals:4)
  A deep troll shaman (D:15)
  A dancing weapon (Elf:3)
  A death yak (Shoals:2)
  A hell hog (Depths:1)
  2 ironbound beastmasters
  8 deep trolls
  5 lindwurms
  A wizard (Depths:1)
  A deep elf archer (Elf:1)
  2 ironbound convokers
  An orb spider (Spider:4)
  A deep elf pyromancer (Elf:1)
  A wolf spider zombie (Spider:4)
  An orc sorcerer (Elf:1)
  A deep elf zephyrmancer (Elf:1)
  5 ugly things
  A moth of wrath (Spider:4)
  A wolf spider (Spider:4)
  2 vault sentinels
  A smoke demon (Lair:6)
  A torpor snail (Spider:4)
  2 yaktaurs
  2 spectral redbacks (Spider:4)
  A guardian mummy (Tomb:1)
  4 demonic crawlers
  2 redback zombies (Spider:4)
  3 jumping spiders (Spider:4)
  2 spectral tarantellas (Spider:4)
  3 hornets
  2 jumping spider zombies (Spider:4)
  3 slime creatures
  14 redbacks
  A water elemental (Depths:2)
  4 tarantellas
127 creatures vanquished.

Vanquished Creatures (others)
  A hell beast (Hell)
  A human (D:14)
  47 fungi
  112 plants
  9 toadstools (D:7)
  6 withered plants (Vaults:2)
176 creatures vanquished.

Grand Total: 3178 creatures vanquished

Notes
Turn   | Place    | Note
-------+----------+-------------------------------------------
     0 | D:1      | oldnick the Djinni Hedge Wizard began the quest for the
                  | Orb.
     0 | D:1      | Reached XP level 1. HP: 15/15 MP: 0/0
   333 | D:1      | Reached skill level 1 in Fighting
   333 | D:1      | Reached XP level 2. HP: 15/22 MP: 0/0
  1017 | D:1      | Reached XP level 3. HP: 26/28 MP: 0/0
  1017 | D:1      | Learned a level 1 spell: Apportation
  1487 | D:2      | Reached XP level 4. HP: 24/35 MP: 0/0
  1640 | D:2      | Noticed Natasha
  1655 | D:2      | Killed Natasha
  1831 | D:2      | Noticed Natasha
  1838 | D:2      | Killed Natasha
  1839 | D:2      | Reached XP level 5. HP: 23/41 MP: 0/0
  1839 | D:2      | Learned a level 2 spell: Searing Ray
  2032 | D:2      | Noticed Natasha
  2041 | D:2      | Killed Natasha
  2681 | D:3      | Reached skill level 1 in Shields
  2692 | D:3      | Found a transporter.
  2693 | D:3      | Found a transporter.
  2811 | D:3      | Noticed VolelikeOfTheReadme's ghost (amateur DjFE)
  2833 | D:3      | Noticed a toenail golem
  2843 | D:3      | Noticed a small abomination
  2844 | D:3      | Found a one-way gate to the infinite horrors of the Abyss.
  2892 | D:3      | Reached XP level 6. HP: 44/49 MP: 0/0
  3009 | D:3      | Reached skill level 5 in Fighting
  3855 | D:5      | Entered Level 5 of the Dungeon
  3855 | D:5      | Noticed an ice beast
  4043 | D:4      | Reached XP level 7. HP: 44/54 MP: 0/0
  4043 | D:4      | Learned a level 3 spell: Frozen Ramparts
  4460 | D:6      | Noticed a water moccasin
  4467 | D:5      | Killed a water moccasin
  5045 | D:5      | Reached XP level 8. HP: 51/61 MP: 0/0
  5109 | D:5      | Reached skill level 1 in Staves
  5349 | D:5      | Noticed Blork the orc
  5402 | D:5      | Found a shimmering altar of Xom.
  5431 | D:5      | Reached skill level 5 in Dodging
  5620 | D:5      | Found an opulent altar of Gozag.
  5863 | D:5      | Reached skill level 5 in Spellcasting
  5960 | D:5      | Reached XP level 9. HP: 33/66 MP: 0/0
  5960 | D:5      | Learned a level 3 spell: Spider Form
  6149 | D:5      | Killed Blork the orc
  6654 | D:6      | Reached skill level 1 in Armour
  6654 | D:6      | Reached skill level 1 in Evocations
  7077 | D:7      | Noticed Menkaure
  7405 | D:7      | Killed Menkaure
  7598 | D:7      | Noticed Pikel
  8019 | D:7      | Found a glowing silver altar of Zin.
  8173 | D:7      | Reached XP level 10. HP: 59/78 MP: 0/0
  8379 | D:7      | Found a staircase to the Ecumenical Temple.
  8389 | Temple   | Entered the Ecumenical Temple
  8437 | Temple   | Became a worshipper of Makhleb the Destroyer
  8707 | D:7      | Reached skill level 10 in Fighting
  9355 | D:10     | Entered Level 10 of the Dungeon
  9360 | D:9      | Reached skill level 1 in Invocations
  9468 | D:8      | Noticed a cyclops
  9577 | D:8      | Noticed a two-headed ogre
  9773 | D:8      | Noticed Maurice
  9824 | D:8      | Killed a two-headed ogre
 10348 | D:8      | Reached * piety under Makhleb
 11127 | D:9      | Noticed Joseph
 11529 | D:9      | Found a staircase to the Lair.
 11538 | D:9      | Found an iron altar of Okawaru.
 11550 | Lair:1   | Entered Level 1 of the Lair of Beasts
 11586 | Lair:1   | Noticed a black mamba
 11594 | Lair:1   | Killed a black mamba
 11595 | Lair:1   | Reached XP level 11. HP: 72/89 MP: 0/0
 11595 | Lair:1   | Learned a level 5 spell: Borgnjor's Vile Clutch
 14391 | Lair:3   | Noticed an elephant
 14391 | Lair:3   | Noticed an elephant
 14391 | Lair:3   | Noticed an elephant
 14391 | Lair:3   | Noticed an elephant
 14493 | Lair:2   | Found a hole to the Spider Nest.
 14873 | Lair:2   | Noticed Fannar
 15223 | D:9      | Noticed a manticore
 15648 | D:10     | Found a glowing golden altar of the Shining One.
 15668 | D:10     | Found an opulent altar of Gozag.
 15701 | D:10     | Noticed Maggie
 15981 | D:10     | Reached XP level 12. HP: 65/95 MP: 0/0
 16222 | D:10     | Found a staircase to the Orcish Mines.
 16381 | Orc:1    | Entered Level 1 of the Orcish Mines
 16410 | D:10     | Reached ** piety under Makhleb
 17270 | D:10     | Found a snail-covered altar of Cheibriados.
 17272 | D:10     | Found a shadowy altar of Dithmenos.
 17419 | D:10     | Killed Maggie
 17983 | Orc:2    | Entered Level 2 of the Orcish Mines
 18751 | Orc:2    | Reached *** piety under Makhleb
 19208 | Orc:2    | Found a staircase to the Elven Halls.
 19696 | Orc:2    | Found Oketry's Book Boutique.
 19956 | Orc:2    | Reached **** piety under Makhleb
 20423 | Orc:1    | Noticed an orc warlord
 20530 | Orc:2    | Noticed a sun demon
 20705 | Orc:2    | Noticed an orc high priest
 20902 | Orc:2    | Found Cas Uge's Distillery.
 20907 | Orc:2    | Bought 2 potions of heal wounds for 120 gold pieces
 20907 | Orc:2    | Bought a potion of brilliance for 48 gold pieces
 20907 | Orc:2    | Bought a potion of heal wounds for 60 gold pieces
 20907 | Orc:2    | Bought a potion of curing for 36 gold pieces
 20907 | Orc:2    | Bought a potion of curing for 36 gold pieces
 20907 | Orc:2    | Bought a potion of resistance for 120 gold pieces
 21016 | Orc:2    | Noticed an orc warlord
 21090 | Orc:2    | Noticed an orc high priest
 21172 | Orc:2    | Killed an orc warlord
 21173 | Orc:2    | Reached skill level 10 in Spellcasting
 21174 | Orc:2    | Reached XP level 13. HP: 81/103 MP: 0/0
 21174 | Orc:2    | Learned a level 5 spell: Fireball
 21324 | Orc:2    | Found Jayfov's Antique Armour Emporium.
 21327 | Orc:2    | Found Alipiewe's Antique Weapon Shoppe.
 21340 | Orc:2    | Bought a pair of embroidered gloves for 187 gold pieces
 21340 | Orc:2    | Bought a fading cloak for 237 gold pieces
 21340 | Orc:2    | Identified the +0 cloak of Calculation {rPois rF- Will+
                  | Regen+} (You bought it in a shop on level 2 of the Orcish
                  | Mines)
 22061 | Lair:3   | Noticed a catoblepas
 22096 | Lair:2   | Reached skill level 5 in Invocations
 22134 | Lair:3   | Noticed a six-headed hydra
 22671 | D:11     | Reached ***** piety under Makhleb
 23003 | D:11     | Noticed Urug
 23031 | D:11     | Killed Urug
 23244 | D:11     | Noticed Snorg
 23264 | D:11     | Killed Snorg
 23445 | D:10     | Found a hide-covered altar of Uskayaw.
 23445 | D:10     | Found a white marble altar of Elyvilon.
 23957 | D:12     | You are sucked into a shaft and drop 3 floors!
 23957 | D:15     | Entered Level 15 of the Dungeon
 24245 | D:15     | Noticed an ogre mage
 24256 | D:15     | Killed an ogre mage
 24257 | D:15     | Reached XP level 14. HP: 90/111 MP: 0/0
 24576 | D:15     | Noticed Agnes
 24789 | D:15     | Reached skill level 15 in Fighting
 24883 | D:15     | Found Lach's Armour Emporium.
 25043 | D:15     | Killed Agnes
 25185 | D:15     | Found a staircase to the Depths.
 25251 | D:14     | HP: 4/114 [slime creature (18)]
 25758 | D:14     | Reached XP level 15. HP: 120/120 MP: 0/0
 25758 | D:14     | Learned a level 6 spell: Death Channel
 25847 | D:14     | Found an ornate altar of the Wu Jian Council.
 25986 | D:13     | Reached ****** piety under Makhleb
 27614 | D:14     | Found a gate to the Vaults.
 27932 | Orc:1    | Killed an orc warlord
 28609 | Lair:3   | Identified the +1 falchion of Subjectivity {vorpal, Str+2}
 29327 | Lair:4   | Found a staircase to the Shoals.
 29538 | Lair:4   | Noticed Josephine
 29544 | Lair:4   | Killed Josephine
 29660 | Lair:4   | Reached skill level 15 in Spellcasting
 29660 | Lair:4   | Reached XP level 16. HP: 120/126 MP: 0/0
 30313 | Lair:6   | Entered Level 6 of the Lair of Beasts
 30877 | Lair:5   | Found a runed translucent door.
 30877 | Lair:5   | Noticed an azure jelly
 30878 | Lair:5   | Found a viscous altar of Jiyva.
 30879 | Lair:5   | Found a staircase to the Slime Pits.
 31682 | Lair:6   | Noticed Rupert
 32113 | Lair:6   | Found a corrupted altar of Lugonu.
 32507 | D:9      | Reached XP level 17. HP: 136/136 MP: 0/0
 32507 | D:9      | Learned a level 7 spell: Spellforged Servitor
 32567 | D:9      | Killed Joseph
 32878 | Spider:1 | Entered Level 1 of the Spider Nest
 32973 | Lair:2   | Killed Fannar
 33482 | Lair:6   | Killed Rupert
 33995 | Spider:1 | You are sucked into a shaft and drop 1 floor!
 34208 | Spider:2 | Noticed Nikola
 34216 | Spider:2 | Killed Nikola
 34236 | Spider:3 | Identified 2 scrolls of acquirement
 35603 | Spider:3 | Reached XP level 18. HP: 140/142 MP: 0/0
 36072 | Spider:4 | Entered Level 4 of the Spider Nest
 36399 | Spider:4 | Found a runed translucent gate.
 36399 | Spider:4 | Found a runed translucent gate.
 36399 | Spider:4 | Found a runed translucent gate.
 37164 | Spider:4 | Reached XP level 19. HP: 149/149 MP: 0/0
 37164 | Spider:4 | Learned a level 7 spell: Haunt
 37213 | Spider:4 | Got a gossamer rune of Zot
 37348 | Spider:4 | Noticed Qalu's ghost (journeyman GrAM)
 37672 | D:8      | Killed Pikel
 37682 | D:8      | Killed Maurice
 38073 | D:3      | Killed VolelikeOfTheReadme's ghost
 38428 | Shoals:1 | Entered Level 1 of the Shoals
 38733 | Elf:1    | Entered Level 1 of the Elven Halls
 39028 | Elf:2    | Found Vodghage's Jewellery Emporium.
 39157 | Elf:1    | Found Dioffeb's General Store.
 39167 | Elf:1    | Bought a scroll of magic mapping for 52 gold pieces
 39167 | Elf:1    | Bought a scroll of identify for 30 gold pieces
 39167 | Elf:1    | Bought 2 scrolls of magic mapping for 105 gold pieces
 39761 | Elf:3    | Entered Level 3 of the Elven Halls
 39799 | Elf:2    | Found a portal to a secret trove of treasure.
 39852 | Elf:2    | Acquired a +2 buckler of protection
 39866 | Elf:2    | Acquired a manual of Fighting
 40553 | Vaults:1 | Entered Level 1 of the Vaults
 41135 | Vaults:1 | Reached XP level 20. HP: 166/166 MP: 0/0
 41186 | Vaults:1 | Found Akhlo's Distillery.
 41189 | Vaults:1 | Bought a potion of brilliance for 48 gold pieces
 41189 | Vaults:1 | Bought 2 potions of curing for 72 gold pieces
 41189 | Vaults:1 | Bought a potion of experience for 600 gold pieces
 41189 | Vaults:1 | Bought a potion of curing for 36 gold pieces
 41189 | Vaults:1 | Bought a potion of heal wounds for 60 gold pieces
 41189 | Vaults:1 | Bought a potion of curing for 36 gold pieces
 41189 | Vaults:1 | Reached XP level 21. HP: 171/171 MP: 0/0
 41189 | Vaults:1 | Learned a level 8 spell: Maxwell's Capacitive Coupling
 41190 | Vaults:1 | Reached XP level 22. HP: 178/178 MP: 0/0
 41212 | Vaults:1 | Found Afeahuss's Jewellery Emporium.
 41223 | Vaults:2 | Found a runed translucent gate.
 41223 | Vaults:2 | Found a runed translucent gate.
 41223 | Vaults:2 | Found a runed translucent gate.
 41224 | Vaults:2 | Noticed Dacon's ghost (adept MiGl)
 41224 | Vaults:2 | Noticed Marixus's ghost (adept HOFi)
 41588 | Vaults:1 | Found Kanguu Celim's Armour Shop.
 41938 | Vaults:1 | Found Uhujiom's Jewellery Shop.
 42464 | Vaults:3 | Found Wesonwip's Antique Weapon Shop.
 42582 | Vaults:2 | Found Cuuhyitt's Armour Emporium.
 42595 | Vaults:2 | Bought the +0 helmet of the Desert {+Blink Int+4 Dex+3} for
                  | 630 gold pieces
 43332 | Vaults:3 | Reached skill level 5 in Shields
 44784 | Vaults:3 | Reached skill level 5 in Armour
 44912 | Vaults:3 | Found a staircase to the Crypt.
 44912 | Vaults:3 | Found a basalt altar of Yredelemnul.
 44982 | Vaults:4 | Reached XP level 23. HP: 186/186 MP: 0/0
 44982 | Vaults:4 | Learned a level 8 spell: Borgnjor's Revivification
 45117 | Vaults:4 | Reached skill level 10 in Dodging
 45356 | Vaults:4 | Found a huge runed gate.
 45356 | Vaults:4 | Found a huge runed gate.
 45356 | Vaults:4 | Found a huge runed gate.
 45356 | Vaults:4 | Found a huge runed gate.
 45356 | Vaults:4 | Found a huge runed gate.
 45358 | Vaults:4 | Found a huge runed gate.
 45358 | Vaults:4 | Found a huge runed gate.
 45359 | Vaults:4 | Found a huge runed gate.
 45360 | Vaults:4 | Found a huge runed gate.
 45360 | Vaults:4 | Found a huge runed gate.
 45373 | Vaults:4 | Found a huge runed gate.
 45373 | Vaults:4 | Found a huge runed gate.
 45373 | Vaults:4 | Found a huge runed gate.
 45373 | Vaults:4 | Found a huge runed gate.
 45373 | Vaults:4 | Found a huge runed gate.
 46203 | Elf:2    | You paid a toll of 10 potions of heal wounds to enter a
                  | treasure trove
 46204 | Trove    | Entered a treasure trove
 46237 | Trove    | Identified the ring "Nuuzod" {Fire *Corrode Fly rElec Str+9
                  | Dex-3}
 47022 | Vaults:4 | Found a huge runed gate.
 47023 | Vaults:4 | Found a huge runed gate.
 47025 | Vaults:4 | Found a huge runed gate.
 47031 | Vaults:4 | Found a huge runed gate.
 47032 | Vaults:4 | Found a huge runed gate.
 47032 | Vaults:4 | Found a huge runed gate.
 47032 | Vaults:4 | Found a huge runed gate.
 47033 | Vaults:4 | Found a huge runed gate.
 47034 | Vaults:4 | Found a huge runed gate.
 47035 | Vaults:4 | Found a huge runed gate.
 47036 | Vaults:4 | Found a huge runed gate.
 47037 | Vaults:4 | Found a huge runed gate.
 47038 | Vaults:4 | Found a huge runed gate.
 47046 | Vaults:4 | Found a huge runed gate.
 47046 | Vaults:4 | Found a huge runed gate.
 47046 | Vaults:4 | Found a huge runed gate.
 47046 | Vaults:4 | Found a huge runed gate.
 47046 | Vaults:4 | Found a huge runed gate.
 47046 | Vaults:4 | Found a huge runed gate.
 47047 | Vaults:4 | Found a huge runed gate.
 47048 | Vaults:4 | Found a huge runed gate.
 47942 | Lair:4   | Reached skill level 5 in Evocations
 49052 | Shoals:2 | Noticed Polyphemus
 49074 | Shoals:2 | Killed Polyphemus
 49124 | Shoals:2 | Noticed Roxanne
 49639 | Shoals:4 | Entered Level 4 of the Shoals
 49675 | Shoals:3 | Reached XP level 24. HP: 194/194 MP: 0/0
 49948 | Shoals:4 | Reached skill level 1 in Throwing
 50574 | Shoals:4 | Identified the ring "Etesiugg" {Fire Str+6}
 50902 | Shoals:4 | Got a barnacled rune of Zot
 50931 | Shoals:4 | Identified the ring "Voevuny" {rPois rF+ rCorr Int-4
                  | Stlth+}
 51047 | Shoals:4 | Identified the +1 pair of gloves of Surprise {rElec rF- rN+
                  | Int+4}
 51086 | Shoals:4 | Found Foanloam's Weapon Boutique.
 51253 | Shoals:4 | Found a corrupted altar of Lugonu.
 51904 | Elf:2    | Found Jut Uzeh's Book Boutique.
 51932 | Elf:2    | Acquired 483 gold pieces
 52154 | Elf:2    | Found Cihoff's Magic Scroll Shoppe.
 52163 | Elf:2    | Bought a scroll of fog for 36 gold pieces
 52163 | Elf:2    | Bought a scroll of teleportation for 54 gold pieces
 52163 | Elf:2    | Bought a scroll of blinking for 135 gold pieces
 52163 | Elf:2    | Bought a scroll of enchant armour for 135 gold pieces
 52255 | Elf:2    | Found a runed translucent gate.
 52256 | Elf:2    | Found a runed translucent gate.
 52256 | Elf:2    | Found a runed translucent gate.
 53145 | Elf:3    | Acquired the amulet "Zafeuros" {Reflect rElec rF+ Will+
                  | Str-5 SH+5}
 53248 | Elf:3    | Found Osi Tuuk's Antique Armour Shop.
 53403 | Elf:3    | Reached XP level 25. HP: 129/202 MP: 0/0
 53403 | Elf:3    | Learned a level 9 spell: Polar Vortex
 53470 | Elf:2    | Found Piafuiniatt's Magic Scroll Emporium.
 53474 | Elf:2    | Found Himir's Magic Scroll Shoppe.
 53484 | Elf:2    | Bought 3 scrolls of teleportation for 135 gold pieces
 53484 | Elf:2    | Bought a scroll of teleportation for 45 gold pieces
 53555 | Elf:2    | Bought a scroll of blinking for 127 gold pieces
 53555 | Elf:2    | Bought a scroll of magic mapping for 59 gold pieces
 53555 | Elf:2    | Bought a scroll of summoning for 161 gold pieces
 53555 | Elf:2    | Bought a scroll of teleportation for 51 gold pieces
 53816 | Elf:3    | Identified the +8 long sword of Mutilation {vorpal, Int+4}
 53816 | Elf:3    | Identified the ring of Aron Wio {Wiz rCorr Int+4 Dex-5}
 53818 | Elf:3    | Identified the ring of the Coward {Fly rC- Str+3 Dex+3}
 54304 | Depths:1 | Entered Level 1 of the Depths
 54643 | Depths:2 | Noticed Aizul
 54655 | Depths:2 | Killed Aizul
 54755 | Depths:1 | Found a glowing golden altar of the Shining One.
 54953 | Depths:2 | Noticed Mara
 55061 | Depths:1 | Gained mutation: You sometimes lose the ability to read
                  | scrolls when taking damage. [a cacodemon]
 55140 | Depths:1 | Lost mutation: You sometimes lose the ability to read
                  | scrolls when taking damage. [potion of mutation]
 55140 | Depths:1 | Gained mutation: You do not regenerate when monsters are
                  | visible. [potion of mutation]
 55140 | Depths:1 | Gained mutation: You passively map a small area around you.
                  | [potion of mutation]
 55141 | Depths:1 | Lost mutation: You do not regenerate when monsters are
                  | visible. [potion of mutation]
 55141 | Depths:1 | Gained mutation: You are somewhat resistant to further
                  | mutation. [potion of mutation]
 55205 | Depths:1 | Found a gateway to Hell.
 55267 | Depths:1 | Identified the +2 flail of Discretion {pain, rPois rN++
                  | Stlth+}
 55407 | Depths:1 | Found a runed translucent door.
 55408 | Depths:1 | Noticed Ejegg's ghost (adept DjGl)
 55679 | Depths:1 | Found a one-way gate leading to the halls of Pandemonium.
 55768 | D:15     | Killed Ejegg's ghost
 55851 | Depths:1 | Found a runed translucent door.
 55857 | Depths:1 | Noticed Camaan's ghost (adept DgCj)
 55888 | Depths:1 | Killed Camaan's ghost
 55911 | Depths:1 | Found a runed translucent door.
 55914 | Depths:1 | Noticed Himmaryad's ghost (adept TrMo)
 56148 | Depths:1 | Killed Himmaryad's ghost
 56177 | Depths:1 | Identified the ring of Xafutud {rPois rN+ rCorr Str+6
                  | Int-4}
 56239 | Depths:2 | Found a gateway to a ziggurat.
 56311 | Depths:2 | Reached XP level 26. HP: 195/209 MP: 0/0
 56507 | Depths:2 | Identified the +11 broad axe "Istyub" {vorpal, *Noise rN+++
                  | Will+ rCorr}
 56725 | Depths:2 | Killed Mara
 56749 | Depths:2 | Paralysed by a floating eye for 4 turns
 56792 | Depths:2 | Noticed the Enchantress
 56796 | Depths:2 | Killed the Enchantress
 58601 | Depths:3 | Gained mutation: You are weak. (Str -2) [a neqoxec]
 58780 | Depths:5 | Entered Level 5 of the Depths
 58913 | Depths:4 | Noticed Saint Roka
 58919 | Depths:4 | Killed Saint Roka
 58920 | Depths:4 | Reached XP level 27. HP: 150/202 MP: 0/0
 58920 | Depths:4 | Learned a level 9 spell: Death's Door
 58983 | Depths:4 | Noticed Mennas
 59398 | Depths:4 | Killed Mennas
 59404 | Depths:4 | Found Gyckaber's Weapon Emporium.
 59404 | Depths:4 | Found Touwiogi's General Store.
 59406 | Depths:4 | Found Atreqej's Jewellery Emporium.
 59408 | Depths:4 | Found Fyolec's Distillery.
 59416 | Depths:4 | Bought a potion of curing for 54 gold pieces
 59416 | Depths:4 | Bought a potion of heal wounds for 90 gold pieces
 59416 | Depths:4 | Bought a potion of brilliance for 72 gold pieces
 59416 | Depths:4 | Bought a potion of invisibility for 144 gold pieces
 59416 | Depths:4 | Bought a potion of curing for 54 gold pieces
 59416 | Depths:4 | Bought a potion of haste for 180 gold pieces
 60372 | Vaults:3 | Reached skill level 10 in Evocations
 60430 | Crypt:1  | Entered Level 1 of the Crypt
 60477 | Vaults:3 | HP: 6/196 [wight[a curse skull] (6)]
 60895 | Depths:2 | Noticed Asterion
 60899 | Depths:2 | Killed Asterion
 61019 | Depths:4 | HP: 5/202 [frost giant/bolt of cold (78)]
 61298 | Depths:5 | Reached skill level 10 in Shields
 61610 | Depths:4 | Acquired a manual of Evocations
 61905 | Depths:5 | Found a gate to the Realm of Zot.
 62480 | Slime:1  | Entered Level 1 of the Pits of Slime
 63043 | Slime:2  | Gained mutation: You occasionally shout uncontrollably at
                  | your foes. [a shining eye]
 63939 | Slime:5  | Entered Level 5 of the Pits of Slime
 64771 | Elf:3    | Bought a shiny kite shield for 300 gold pieces
 65225 | Shoals:2 | Killed Roxanne
 65488 | Spider:4 | Reached skill level 15 in Shields
 65512 | Spider:4 | Killed Qalu's ghost
 65536 | Spider:4 | Identified the +2 hat "Ocraf" {*Corrode rPois Will+ Str+4}
 66065 | Vaults:5 | Entered Level 5 of the Vaults
 66366 | Vaults:5 | Noticed a dread lich
 66430 | Vaults:5 | Killed a dread lich
 66640 | Vaults:5 | Identified the amulet "Efyficeni" {Faith Drain rElec MP+9
                  | SInv}
 66707 | Vaults:5 | Noticed a dread lich
 66714 | Vaults:5 | Killed a dread lich
 67252 | Vaults:5 | Acquired a manual of Dodging
 67350 | Vaults:5 | Identified the ring "Gistul" {Fly rN+ rCorr Str-4}
 67468 | Vaults:5 | Identified the amulet "Ulasmat" {Faith MP+9}
 67480 | Vaults:5 | Identified the ring "Vixal" {Fly Stlth+}
 67700 | Vaults:5 | Got a silver rune of Zot
 67914 | Vaults:2 | Killed Marixus's ghost
 67922 | Vaults:2 | Killed Dacon's ghost
 68244 | Zot:1    | Entered Level 1 of the Realm of Zot
 68451 | Zot:1    | Reached skill level 15 in Dodging
 68610 | Zot:1    | Acquired the ring of the Slicing Ancients {Will+ rCorr
                  | Str-5 Int+7}
 70244 | Zot:3    | Identified the +0 cloak "Afeak" {rElec rN+ Int+3}
 70254 | Zot:3    | Identified the -3 cloak of Deraapn {Harm Rampage}
 70254 | Zot:3    | Noticed lasso's ghost (legendary MiFi)
 70254 | Zot:3    | Identified the +8 morningstar "Tun Fugau" {elec, Str+2}
 70290 | Zot:3    | Reached skill level 1 in Short Blades
 70290 | Zot:3    | Reached skill level 1 in Long Blades
 70290 | Zot:3    | Reached skill level 1 in Polearms
 70780 | Zot:3    | Found a transporter.
 70780 | Zot:3    | Identified the +0 cloak "Miust" {rN+ Int-5 Dex+7}
 70781 | Zot:3    | Found a bloodstained altar of Trog.
 70800 | Zot:3    | Found a transporter.
 70928 | Zot:4    | Reached skill level 5 in Short Blades
 70928 | Zot:4    | Reached skill level 5 in Long Blades
 70936 | Zot:4    | Reached skill level 5 in Polearms
 70958 | Zot:5    | Entered Level 5 of the Realm of Zot
 71033 | Zot:4    | Found a huge runed gate.
 71033 | Zot:4    | Found a huge runed gate.
 71033 | Zot:4    | Found a huge runed gate.
 71033 | Zot:4    | Found a huge runed gate.
 71033 | Zot:4    | Found a huge runed gate.
 71033 | Zot:4    | Found a huge runed gate.
 71033 | Zot:4    | Found a huge runed gate.
 71033 | Zot:4    | Found a huge runed gate.
 71097 | Zot:4    | Found a huge runed gate.
 71097 | Zot:4    | Found a huge runed gate.
 71097 | Zot:4    | Found a huge runed gate.
 71097 | Zot:4    | Found a huge runed gate.
 71097 | Zot:4    | Found a huge runed gate.
 71098 | Zot:4    | Found a huge runed gate.
 71098 | Zot:4    | Found a huge runed gate.
 71099 | Zot:4    | Found a huge runed gate.
 71104 | Zot:4    | Found a huge runed gate.
 71104 | Zot:4    | Found a huge runed gate.
 71105 | Zot:4    | Found a huge runed gate.
 71115 | Zot:4    | Found a huge runed gate.
 71115 | Zot:4    | Found a huge runed gate.
 71115 | Zot:4    | Found a huge runed gate.
 71115 | Zot:4    | Found a huge runed gate.
 71362 | Zot:4    | Found a huge runed gate.
 71362 | Zot:4    | Identified the +4 kite shield of the Distant Future {Fly
                  | rC+}
 71382 | Zot:4    | Found a huge runed gate.
 71383 | Zot:4    | Found a huge runed gate.
 71384 | Zot:4    | Found a huge runed gate.
 71385 | Zot:4    | Found a huge runed gate.
 71387 | Zot:4    | Found a huge runed gate.
 71388 | Zot:4    | Found a huge runed gate.
 71388 | Zot:4    | Found a huge runed gate.
 71389 | Zot:4    | Found a huge runed gate.
 71516 | Zot:4    | Found a huge runed gate.
 71516 | Zot:4    | Found a huge runed gate.
 71516 | Zot:4    | Found a huge runed gate.
 71516 | Zot:4    | Found a huge runed gate.
 72675 | Slime:5  | Noticed the Royal Jelly
 72916 | Slime:5  | Found a viscous altar of Jiyva.
 73133 | Slime:5  | Killed the Royal Jelly
 73158 | Slime:5  | Identified the ring "Rothra" {Ice *Slow rN++ rCorr Stlth+}
 73198 | Slime:5  | Got a slimy rune of Zot
 73238 | Slime:5  | Identified the ring of Jem Puacs {*Slow rElec rCorr Str+4}
 75244 | Crypt:1  | Noticed Frederick
 75251 | Crypt:1  | Killed Frederick
 75989 | Crypt:3  | Entered Level 3 of the Crypt
 76663 | Crypt:2  | Found a basalt altar of Yredelemnul.
 77254 | Crypt:3  | Found a staircase to the Tomb.
 77895 | Crypt:3  | Noticed an ancient lich
 78090 | Crypt:3  | Killed an ancient lich
 78101 | Crypt:3  | Identified the ring "Veytih" {rC+ rN+}
 78101 | Crypt:3  | Identified the ring of the Good {rN+ Str+4 Dex+2}
 78116 | Crypt:3  | Identified the +4 chain mail of Action {Harm Str+3}
 78260 | Tomb:1   | Entered Level 1 of the Tomb of the Ancients
 78457 | Tomb:1   | Reached skill level 15 in Evocations
 78645 | Tomb:1   | Acquired a manual of Polearms
 78728 | Tomb:1   | Noticed a royal mummy
 78741 | Tomb:1   | Killed a royal mummy
 78758 | Tomb:1   | Noticed a royal mummy
 78764 | Tomb:1   | Killed a royal mummy
 78878 | Tomb:1   | Noticed a royal mummy
 78893 | Tomb:1   | Killed a royal mummy
 79617 | Hell     | Entered the Vestibule of Hell
 79617 | Hell     | Noticed Geryon
 79621 | Hell     | Killed Geryon
 79647 | Depths:1 | Reached skill level 10 in Polearms
 79873 | Hell     | Found a gateway to the Iron City of Dis.
 79882 | Dis:1    | Entered Level 1 of the Iron City of Dis
 80012 | Hell     | Found a gateway to the decaying netherworld of Tartarus.
 80144 | Hell     | Found a gateway to the ashen valley of Gehenna.
 80224 | Hell     | Found a gateway to the freezing wastes of Cocytus.
 80675 | Zot:5    | Noticed an orb of fire
 80679 | Zot:5    | Killed an orb of fire
 80712 | Zot:5    | Noticed an orb of fire
 80725 | Zot:5    | Killed an orb of fire
 80799 | Zot:5    | Noticed an orb of fire
 80803 | Zot:5    | Killed an orb of fire
 80861 | Zot:5    | Noticed an ancient lich
 80870 | Zot:5    | Killed an ancient lich
 80871 | Zot:5    | Reached skill level 10 in Armour
 80888 | Zot:5    | Noticed a Killer Klown
 80893 | Zot:5    | Killed a Killer Klown
 80936 | Zot:5    | Noticed a Killer Klown
 80941 | Zot:5    | Killed a Killer Klown
 81175 | Zot:5    | Noticed a dread lich
 81179 | Zot:5    | Killed a dread lich
 81254 | Zot:4    | Noticed a Killer Klown
 81254 | Zot:4    | Noticed a Killer Klown
 81254 | Zot:4    | Noticed a Killer Klown
 81254 | Zot:4    | Noticed a Killer Klown
 81260 | Zot:4    | Killed a Killer Klown
 81267 | Zot:4    | Killed a Killer Klown
 81268 | Zot:4    | Killed a Killer Klown
 81273 | Zot:4    | Killed a Killer Klown
 81539 | Zig:1    | Entered Level 1 of a ziggurat
 81553 | Zig:2    | Entered Level 2 of a ziggurat
 81587 | Zig:3    | Entered Level 3 of a ziggurat
 81605 | Zig:4    | Entered Level 4 of a ziggurat
 81648 | Zig:5    | Entered Level 5 of a ziggurat
 81662 | Zig:5    | Identified the ring "Tiurih Zunoz" {Wiz +Blink rF- rC+
                  | Stlth+}
 81679 | Zig:6    | Entered Level 6 of a ziggurat
 81700 | Zig:6    | Identified the +6 falchion of Awkwardness {spect, rPois}
 81702 | Zig:6    | Identified the +7 short sword "Zixtef" {vorpal, rElec Dex-5
                  | Stlth+}
 81709 | Zig:7    | Entered Level 7 of a ziggurat
 81765 | Zig:8    | Entered Level 8 of a ziggurat
 81773 | Zig:8    | Found the +14 obsidian axe {vorpal, Drain Fly SInv}
 81826 | Zig:9    | Entered Level 9 of a ziggurat
 81854 | Zig:9    | Identified the ring of Zyedwag {Fire Str+8}
 81895 | Zig:10   | Entered Level 10 of a ziggurat
 81908 | Zig:10   | Reached skill level 27 in Fighting
 81910 | Zig:10   | Reached skill level 27 in Spellcasting
 81927 | Zig:10   | Identified the +0 pair of gloves of Beastly the Leaf {Fly
                  | MP-9 Str-3 Dex+5}
 81942 | Zig:10   | Identified the +7 war axe "Jayxueni" {vorpal, rF+ Str+2}
 81966 | Zig:11   | Entered Level 11 of a ziggurat
 81980 | Zig:11   | Noticed Kausyrchi the pandemonium lord
 81988 | Zig:11   | Reached skill level 10 in Invocations
 81995 | Zig:11   | Killed Kausyrchi the pandemonium lord
 82012 | Zig:11   | Identified the +1 halberd of the Valley of Death {venom,
                  | Will++ Dex+2}
 82085 | Zig:12   | Entered Level 12 of a ziggurat
 82114 | Zig:12   | Identified the ring "Ifuk" {Ice rElec Str+4 Int-3 Slay+4}
 82119 | Zig:12   | Acquired 844 gold pieces
 82121 | Zig:12   | Acquired 870 gold pieces
 82159 | Zig:13   | Entered Level 13 of a ziggurat
 82171 | Zig:13   | Noticed a royal mummy
 82182 | Zig:13   | Killed a royal mummy
 82214 | Zig:13   | Identified the +2 robe of the Blind Marksman {rF+}
 82291 | Zig:14   | Entered Level 14 of a ziggurat
 82303 | Zig:14   | Noticed a royal mummy
 82309 | Zig:14   | HP: 7/211 [something (16)]
 82309 | Zig:14   | HP: 3/211 [emperor scorpion[a royal mummy] (5)]
 82309 | Zig:14   | Slain by a deep elf annihilator zombie

Illustrated notes

Levels and vault maps discovered:
D:1:      dpeg_arrival_tiny_a, layout_loops_ring, minmay_cut_off
D:2:      layout_rooms, uniq_natasha
D:3:      layout_loops_ring, gammafunk_ghost_abyssal_escape, minmay_liquid_box,
          chequers_serial_rivers_small_b, grunt_ministairs_5
D:4:      layout_gridville
D:5:      layout_loops_ring, old_standard_altar, kennysheep_small_circle,
          uniq_blork_the_orc
D:6:      wander_river, layout_basic
D:7:      cheibrodos_fertilizer, layout_rooms, general_overflow_altar,
          minmay_temple_entry_stoned_glass, uniq_menkaure, uniq_pikel
D:8:      kennysheep_ambush_hall, layout_loops_ring, kennysheep_doodads,
          uniq_maurice
D:9:      minmay_clustersquares, layout_grid_maze, kennysheep_okawaru_gauntlet,
          dk_noncrumbling_3, uniq_joseph
D:10:     layout_stronghold, mainiacjoe_overflow_alcove_2,
          nicolae_overflow_hidden_temple, hiddenorc2_lemuel, uniq_maggie
D:11:     layout_irregular_city, uniq_urug, uniq_snorg
D:12:     layout_grid_maze
D:13:     layout_loops_ring
D:14:     layout_rooms, ximxim_vaults_locker_room,
          nicolae_wu_jian_immortal_techniques
D:15:     grunt_enter_depths_hoard, layout_basic, serial_shops,
          nicolae_shop_behind_doors, serial_park_square1
          [serial_park_minivault_5x5_7], uniq_agnes
Temple:   nicolae_temple_god_jail
Lair:1:   layout_small_grid, pond, infiniplex_staircase_pool, grunt_megastairs_3
Lair:2:   layout_chaotic_city, nicolae_spider_entry_tight_spaces,
          serial_bayou_ford_a, uniq_fannar
Lair:3:   layout_cave_shapes, minmay_holes, grunt_megastairs_1
Lair:4:   layout_cave_pods, elwin_shoals_entry_rooms, uniq_josephine
Lair:5:   layout_roguey, slime_altar_2
Lair:6:   hellmonk_lair_end_abyssal_woods, layout_cave_pods, grunt_megastairs_5,
          uniq_rupert
Shoals:1: layout_shoals
Shoals:2: layout_shoals, uniq_polyphemus, uniq_roxanne
Shoals:3: layout_shoals, nicolae_shoals_so_close
Shoals:4: shoals_end_grunt_ice, layout_shoals, serial_shops, shop,
          amcnicky_altar_lugonu_corruption
Spider:1: layout_spider_delve, hangedman_spider_tarantella_strand
Spider:2: layout_spider_delve, nicolae_spider_cling_halls, uniq_nikola
Spider:3: layout_spider_delve, nicolae_spider_rock_and_or_roll
Spider:4: floodkiller_spider_rune_tomb, gammafunk_ghost_tricky_traps
Slime:1:  layout_caves
Slime:2:  layout_caves
Slime:3:  layout_caves
Slime:4:  layout_caves
Slime:5
Orc:1:    layout_caves
Orc:2:    grunt_orc_community_town_hall, layout_caves,
          grunt_orc_community_big_house_2, grunt_orc_community_big_house_2,
          grunt_orc_community_house_2, grunt_orc_community_house_2,
          grunt_orc_community_house_2, grunt_orc_community_house_1,
          grunt_orc_community_house_1, grunt_orc_community_house_3,
          nicolae_orc_damp_corner
Elf:1:    nicolae_elf_arrival_no_cutting_in_line, layout_gridlike, serial_shops,
          nicolae_shop_trees, hangedman_elf_represent
Elf:2:    nicolae_elf_blades_crystal_corner, layout_loops_cross, enter_trove_6,
          serial_shops, shop_statue, nicolae_lakefront_shop, shop,
          nicolae_shop_trees, nicolae_diamond_shop
Elf:3:    minmay_elf_hall_dome, layout_onion_city, serial_shops, shop
Vaults:1: st_quartered_hall, v_misc_29, dpeg_vaults_monster_row,
          ontoclasm_vaults_eye, hangedman_vaults_impose,
          ontoclasm_vaults_ring_small, v_misc_33, hangedman_vaults_stream,
          grunt_vaults_funnel, nicolae_vaults_little_squares_2,
          grunt_vaults_hallway_long, nicolae_vaults_little_squares_4,
          layout_vaults_ring, serial_shops, shop_fountains, nicolae_shop_trees,
          nicolae_shop_behind_doors, shop
Vaults:2: gammafunk_vaults_ghost_cemetery, v_misc_22, ontoclasm_vaults_tryst,
          nicolae_vaults_little_squares_1, hangedman_vaults_nails,
          vaults_room_fours, nicolae_vaults_mini_display_case,
          vaults_room_corners, nicolae_vaults_angled_halls, v_alt_pattern_4,
          hangedman_vaults_trim, vaults_room_hallway, layout_vaults_big_room,
          serial_shops, shop
Vaults:3: minmay_crypt_entry_necro_gods, v_rooms_4, v_rooms_5,
          vaults_dpeg_spiral, ontoclasm_vaults_chip, vaults_room_pool,
          ontoclasm_vaults_shuriken, vaults_dpeg_encased_lava, v_pattern_5,
          nicolae_vaults_asterisk, ontoclasm_vaults_chip,
          layout_vaults_quadrants, serial_shops, nicolae_shop_waterfront
Vaults:4: vaults_room_pool, ontoclasm_vaults_fault,
          hangedman_vaults_corner_blocks, v_misc_28, vaults_door_vault,
          v_pattern_4, vaults_dpeg_doors, v_misc_30,
          vaults_room_grunt_arrival_ludios, nicolae_vaults_circle_grid_b,
          vaults_dpeg_cross, layout_vaults_omnicross, uniq_margery
Vaults:5
Crypt:1:  layout_basic, st_stairs_4, st_small_mortuary, uniq_frederick
Crypt:2:  layout_misc_corridors, small_statue_intersection,
          lemuel_mausoleum_altar_yredelemnul
Crypt:3:  david_glass_crypt, layout_misc_corridors, tomb_entry_sphere_bobbens
Tomb:1
Depths:1: layout_forbidden_donut, abyss_entry_crystal,
          muffindrake_ghost_three_little_ghosts, grunt_hell_horde,
          minmay_misc_feat_rugged, rand_demon_pan_entry_1,
          nicolae_tso_carved_into_rock
Depths:2: minmay_bubble_buster, layout_gridlike, enter_ziggurat_b,
          kennysheep_cross_room, grunt_pan_entry_in_and_out,
          hangedman_coc_ice_floe, onia_ninara_cookie,
          infiniplex_staircase_pillars_3a, uniq_mara, uniq_asterion,
          uniq_enchantress, uniq_aizul
Depths:3: grunt_twist_and_shout, layout_gridlike, hell_entry,
          chequers_serial_rivers_large_b, rand_demon_pan_entry_3,
          mu_enter_wizlab_1
Depths:4: minmay_isolated_rectangles_in_corner, layout_gridlike,
          minmay_room_of_horrors, hell_entry, infiniplex_staircase_zigzag_2,
          serial_bayou_shore_a, serial_bayou_shore_b, serial_bayou_shore_b,
          kennysheep_random_hallway, minmay_shoptagon, uniq_mennas,
          uniq_saint_roka
Depths:5: evilmike_zot_entry_hall, layout_cave_pools,
          ebering_dispersal_statue_hall, pf_hell_entry_tar_river, serial_rivers,
          chequers_serial_rivers_micro_c, chequers_serial_rivers_room_a,
          chequers_serial_rivers_small_3, chequers_serial_rivers_micro_e,
          chequers_serial_rivers_micro_e, chequers_serial_rivers_micro_d,
          abyss_entry_small_statue_room
Hell
Dis:1:    layout_gridville
Zot:1:    layout_gridville, st_large_dragon_hoard_4
Zot:2:    layout_twisted_circle
Zot:3:    layout_gridlike, gammafunk_ghost_wrathful_warriors
Zot:4:    layout_gridville, lemuel_baited_zot_trap, not_door_vault_due
Zot:5:    layout_gridlike, grunt_ministairs_8
Zig:14

Skill      XL: |  1  2  3  4  5  6  7  8  9 10 11 12 13 14 15 16 17 18 19 20 21 22 23 24 25 26 27 |
---------------+----------------------------------------------------------------------------------+-----
Fighting       | 1 2 3 4 5 6 9 12 13 15 17 21 22 23 27 | 27.0
Shields        | 1 3 4 6 15 | 15.0
Spellcasting   | 3 5 8 10 12 13 15 16 18 19 20 22 23 27 | 27.0
Dodging        | 4 5 6 7 8 9 10 17 | 17.2
Staves         | 1 3 |  3.1
Armour         | 2 5 13 | 13.2
Stealth        | 2 |  2.0
Evocations     | 2 8 18 | 18.2
Invocations    | 3 4 5 6 7 8 12 | 12.7
Throwing       | 3 |  3.0
Short Blades   | 7 |  7.0
Long Blades    | 6 |  6.9
Polearms       | 14 | 14.0

Action                   |  1- 3 |  4- 6 |  7- 9 | 10-12 | 13-15 | 16-18 | 19-21 | 22-24 | 25-27 || total
-------------------------+-------+-------+-------+-------+-------+-------+-------+-------+-------++-------
Melee: Whip              |    35 |       |       |       |       |       |       |       |       ||    35
       Staff             |       |     5 |     6 |    17 |     2 |     1 |     1 |       |     8 ||    40
 Cast: Magic Dart        |    68 |   111 |    99 |   277 |   179 |    45 |    12 |    50 |    99 ||   940
       Searing Ray       |       |     7 |    62 |   209 |   108 |    26 |     9 |     2 |    13 ||   436
       Blink             |       |     1 |     7 |    18 |    20 |     4 |     8 |     3 |    41 ||   102
       Conjure Flame     |       |       |     9 |    69 |    37 |     2 |     1 |       |     1 ||   119
       Apportation       |       |       |       |    14 |    16 |    10 |     1 |     5 |    17 ||    63
       Borgnjor's Vile C |       |       |       |     4 |   117 |   134 |    37 |   138 |   359 ||   789
       Mephitic Cloud    |       |       |       |     3 |     7 |     1 |       |     1 |       ||    12
       Fireball          |       |       |       |       |   101 |   523 |   135 |   554 |  1595 ||  2908
       Frozen Ramparts   |       |       |       |       |    13 |     3 |     5 |     2 |    12 ||    35
       Spider Form       |       |       |       |       |       |     2 |       |       |       ||     2
       Spellforged Servi |       |       |       |       |       |    22 |    11 |    34 |    27 ||    94
       Haunt             |       |       |       |       |       |       |     2 |     7 |    12 ||    21
       Maxwell's Capacit |       |       |       |       |       |       |       |       |    30 ||    30
       Polar Vortex      |       |       |       |       |       |       |       |       |    70 ||    70
       Slow              |       |       |       |       |       |       |       |       |     1 ||     1
       Borgnjor's Revivi |       |       |       |       |       |       |       |       |     1 ||     1
Evoke: Wand              |       |       |       |       |     3 |     1 |       |       |     3 ||     7
       Phantom mirror    |       |       |       |       |       |       |       |       |     1 ||     1
  Use: Scroll            |       |       |       |    10 |    14 |     9 |     7 |    11 |    19 ||    70
       Potion            |       |       |       |       |     1 |     1 |     3 |       |    13 ||    18
 Stab: Sleeping          |     1 |       |       |       |       |       |       |       |       ||     1
Armor: Robe              |    19 |     4 |     9 |    25 |    31 |    69 |    14 |    15 |    96 ||   282
Dodge: Dodged            |    40 |    29 |    59 |   125 |    80 |   129 |    33 |    72 |   361 ||   928
Block: Buckler           |       |     2 |    24 |    51 |    46 |    38 |    14 |    53 |    80 ||   308
       Kite shield       |       |       |       |       |       |       |       |       |   245 ||   245
